Map: Ulrena

Players

IlIlIlIlIl

  • Race: Zerg Zerg
  • League: Grandmaster

Miszu - Winner!

  • Race: Terran Terran
  • League: Master

VOD

Have the link to the VOD?

Description

Time

  • Played on: April 18, 2016, 9:41 a.m.
  • Length: 12:00
Show
View Real Time Build Order
Export as new Build Order

IlIlIlIlIl Zerg 

Build Orders: Hatch First, Zergling Baneling 

Get SALT Encoding   

  12  0:00  Drone  
  13  0:12  Overlord  
  13  0:17  Drone  
  14  0:30  Drone x2  
  14  0:34  Drone  
  17  0:52  Hatchery  
  17  0:55  Drone  
  17  0:58  Drone  
  18  1:09  Extractor  
  17  1:13  Spawning Pool  
  17  1:16  Drone  
  17  1:19  Drone  
  18  1:28  Drone  
  19  1:38  Overlord  
  19  2:00  Zergling x4, Queen  
  23  2:04  Queen  
  23  2:05  Zergling x2  
  26  2:10  Metabolic Boost  
  26  2:13  Drone  
  26  2:15  Drone  
  28  2:21  Drone  
  29  2:26  Drone  
  30  2:32  Drone  
  30  2:35  Baneling Nest  
  30  2:40  Drone  
  31  2:44  Zergling x2  
  31  2:48  Overlord  
  32  2:53  Overlord  
  32  3:00  Zergling x2  
  33  3:07  Zergling x2  
  34  3:14  Zergling x6  
  34  3:17  Zergling x2  
  34  3:19  Zergling x6  
  41  3:41  Drone x2  
  41  3:42  Baneling x2  
  41  3:43  Baneling x4  
  41  3:48  Baneling x2  
  43  3:49  Drone x2  
  43  3:50  Drone x2  
  43  3:53  Hatchery  
  43  3:54  Drone  
  44  3:57  Drone x2  
  40  4:06  Drone x3  
  40  4:08  Drone  
  40  4:19  Queen  
  40  4:20  Queen  
  44  4:25  Zergling x6  
  44  4:27  Zergling x2  
  44  4:29  Zergling x2  
  44  4:30  Zergling x2  
  50  4:32  Drone  
  50  4:36  Spore Crawler  
  50  4:39  Spore Crawler, Drone  
  50  4:41  Drone  
  50  4:42  Drone  
  52  4:49  Extractor  
  52  4:51  Drone  
  51  5:05  Queen  
  53  5:23  Drone x2  
  53  5:24  Drone x3  
  58  5:34  Overlord x2  
  58  5:35  Overlord  
  58  5:39  Evolution Chamber x2  
  58  5:40  Roach Warren  
  58  5:42  Spore Crawler  
  54  5:44  Drone x4  
  58  5:53  Drone x6  
  64  5:58  Drone  
  64  5:59  Drone  
  64  6:00  Drone x2  
  64  6:01  Drone  
  69  6:05  Zerg Missile Weapons Level 1, Zerg Ground Armor Level 1  
  68  6:13  Lair  
  67  6:21  Drone x2  
  67  6:25  Extractor, Drone  
  68  6:26  Extractor, Drone  
  68  6:28  Drone x3  
  72  6:33  Extractor  
  72  6:37  Zergling x6, Spore Crawler  
  70  7:15  Drone x6  
  74  7:21  Extractor  
  74  7:27  Drone x2  
  74  7:29  Drone  
  78  7:30  Drone x3  
  78  7:31  Drone x2  
  78  7:34  Glial Reconstitution  
  78  7:35  Overlord x4  
  82  7:37  Hydralisk Den  
  81  7:46  Baneling Nest  
  80  7:51  Hatchery  
  80  7:54  Drone  
  80  7:57  Drone  
  80  7:58  Drone  
  82  8:00  Roach  
  82  8:01  Roach x4  
  82  8:02  Zerg Ground Armor Level 2, Zerg Missile Weapons Level 2  
  82  8:03  Overlord x3  
  92  8:06  Hydralisk x2, Muscular Augments  
  92  8:07  Roach x3  
  92  8:08  Roach  
  92  8:11  Overlord  
  104  8:16  Roach  
  106  8:20  Roach  
  106  8:23  Drone  
  106  8:25  Infestation Pit  
  108  8:29  Centrifical Hooks  
  108  8:32  Roach x2  
  112  8:34  Roach  
  112  8:38  Baneling  
  112  8:39  Baneling x2  
  112  8:40  Zergling x2, Roach  
  112  8:41  Zergling x12  
  123  8:42  Zergling x2  
  124  8:49  Roach  
  126  8:56  Hydralisk x2, Roach x3  
  126  8:57  Roach x2  
  138  9:06  Zergling x2, Baneling x4  
  138  9:07  Zergling x10  
  143  9:11  Roach  
  143  9:13  Overlord  
  143  9:15  Hive  
  145  9:17  Overlord  
  145  9:19  Roach  
  139  9:24  Hydralisk  
  139  9:25  Roach x2  
  139  9:26  Roach  
  139  9:27  Zergling x2  
  139  9:29  Zergling x4  
  139  9:31  Zergling x2  
  128  9:32  Zergling x2  
  128  9:35  Zergling x2, Roach  
  108  9:38  Zergling x2, Roach  
  108  9:43  Hydralisk, Roach  
  111  9:49  Hydralisk  
  111  9:50  Roach  
  111  9:51  Roach x2  
  114  10:00  Baneling x6  
  114  10:01  Baneling x5  
  114  10:02  Zergling x6  
  114  10:03  Zergling x2  
  118  10:08  Hydralisk  
  118  10:09  Roach  
  118  10:10  Roach  
  118  10:13  Zergling x2, Roach  
  127  10:14  Zergling x2  
  127  10:16  Roach  
  127  10:19  Zergling x2  
  133  10:21  Roach  
  133  10:23  Roach x2  
  133  10:27  Hydralisk  
  133  10:28  Roach  
  135  10:30  Roach  
  135  10:32  Roach  
  135  10:34  Roach  
  135  10:35  Zergling x2  
  134  10:47  Overseer  
  134  10:48  Viper  
  135  11:06  Zergling x2  
  135  11:07  Zergling x18  
  145  11:11  Overlord x2  
  145  11:12  Overlord  
  145  11:13  Hatchery  
  144  11:26  Baneling x5  
  144  11:27  Baneling  
  144  11:29  Zergling x2  
  144  11:30  Zergling x6  
  144  11:32  Baneling  
  148  11:33  Baneling x17  
Show
View Real Time Build Order
Export as new Build Order

Miszu Terran - Winner!

Build Orders: Liberator Opening, Reaper Expand 

Get SALT Encoding   

  12  0:00  SCV  
  13  0:13  SCV  
  14  0:17  Supply Depot  
  14  0:25  SCV  
  15  0:39  SCV  
  15  0:41  Barracks  
  16  0:44  Refinery  
  16  0:51  SCV  
  17  1:03  SCV  
  18  1:16  SCV  
  19  1:28  Orbital Command  
  19  1:29  Reaper  
  20  1:42  Command Center  
  20  1:52  Supply Depot  
  20  1:54  SCV  
  21  2:01  Barracks Reactor  
  21  2:04  Refinery  
  21  2:06  SCV  
  22  2:18  SCV  
  22  2:22  Factory  
  23  2:30  SCV  
  24  2:38  Marine x2  
  24  2:42  SCV  
  27  2:54  SCV  
  27  2:55  Orbital Command  
  27  2:56  Marine x2  
  27  2:58  Bunker  
  30  3:06  SCV  
  30  3:11  Factory Tech Lab  
  30  3:12  Starport  
  31  3:16  Marine  
  31  3:18  SCV  
  31  3:19  Marine  
  34  3:21  SCV  
  35  3:30  SCV  
  35  3:31  Supply Depot  
  35  3:33  SCV  
  37  3:38  Siege Tank  
  39  3:42  SCV  
  39  3:44  Liberator  
  39  3:45  Marine x2  
  39  3:46  SCV  
  43  3:55  SCV  
  44  3:58  SCV  
  48  4:07  SCV  
  45  4:10  SCV  
  45  4:16  Bunker  
  40  4:19  SCV  
  40  4:20  Siege Tank  
  40  4:22  SCV  
  40  4:23  Marine  
  40  4:24  Marine  
  47  4:26  Liberator  
  47  4:31  SCV  
  48  4:34  SCV  
  48  4:38  Supply Depot  
  49  4:43  SCV  
  53  4:46  SCV  
  54  4:59  SCV x2  
  56  5:04  Command Center  
  56  5:08  Supply Depot  
  56  5:11  SCV x2  
  58  5:23  SCV x2  
  60  5:32  Marine x2  
  60  5:33  Starport Reactor  
  60  5:34  Barracks x2  
  62  5:35  Supply Depot, SCV  
  62  5:36  SCV  
  62  5:38  Refinery  
  62  5:39  Refinery  
  64  5:47  Supply Depot  
  64  5:48  SCV x2  
  66  5:50  Engineering Bay x2  
  66  5:52  Marine  
  66  5:53  Marine  
  68  6:00  SCV x2  
  68  6:02  Siege Tank  
  73  6:12  SCV x2  
  72  6:18  Marine x2  
  72  6:19  Orbital Command  
  72  6:20  Terran Infantry Weapons Level 1, Terran Infantry Armor Level 1  
  72  6:21  Barracks Tech Lab x2  
  72  6:24  SCV x2  
  72  6:25  Barracks  
  76  6:26  Barracks  
  76  6:29  Supply Depot  
  76  6:36  Marine, Siege Tank, SCV x2  
  82  6:44  Marine  
  83  6:49  Marine  
  83  6:50  Marine  
  85  6:55  Medivac  
  87  7:03  Orbital Command  
  87  7:09  Siege Tank  
  87  7:11  SCV  
  87  7:12  SCV  
  87  7:14  Barracks  
  87  7:15  Barracks x2  
  89  7:20  Armory  
  89  7:23  SCV, Combat Shields  
  89  7:24  Barracks Reactor x2, Marine, Stimpack, SCV  
  89  7:26  Medivac  
  94  7:30  SCV  
  94  7:36  SCV x2  
  97  7:42  Siege Tank, SCV  
  101  7:45  Refinery  
  101  7:46  Refinery  
  101  7:48  Supply Depot, SCV x2  
  101  7:50  Supply Depot x2  
  103  7:54  SCV  
  103  7:55  Marine x2  
  103  7:56  Marine x2  
  108  8:00  SCV  
  109  8:10  Marine x4, Medivac x2  
  117  8:13  Marine x2  
  117  8:14  Marine x2  
  117  8:15  Supply Depot  
  117  8:16  Supply Depot  
  120  8:26  Supply Depot, Siege Tank  
  123  8:28  Marine x4  
  123  8:31  Marine x2  
  123  8:32  Marine x2  
  131  8:36  Bunker  
  131  8:45  Marine x4  
  135  8:50  Marauder  
  135  8:52  Marine x2, Marauder  
  141  8:58  Medivac x2  
  141  9:01  Barracks Reactor x3  
  145  9:03  Marine x4  
  145  9:05  Terran Infantry Armor Level 2, Barracks Tech Lab x3, Terran Infantry Weapons Level 2  
  149  9:10  Marine  
  149  9:11  Marauder  
  149  9:14  Marine  
  149  9:15  Marauder  
  153  9:27  Medivac, SCV  
  153  9:29  Marine x7, Marauder  
  140  9:32  Marine x2  
  140  9:36  Marine  
  126  9:46  Marine  
  126  9:47  Marine x5  
  126  9:48  Marauder  
  126  9:50  Marine x2  
  126  9:51  Marauder  
  138  9:54  Marauder  
  140  10:04  Marine  
  140  10:05  Marine x4, Marauder  
  140  10:06  Command Center  
  147  10:11  Supply Depot  
  147  10:12  Supply Depot  
  147  10:13  Supply Depot  
  147  10:15  Marauder  
  147  10:19  Marine, Marauder  
  152  10:24  Marine x3, Marauder  
  152  10:26  Marine  
  152  10:27  Marine x2  
  157  10:28  Marauder  
  132  10:36  Marauder  
  132  10:37  Marine, Siege Tank  
  132  10:41  Marine, Medivac, Marauder  
  132  10:42  Marine  
  139  10:44  Marine  
  139  10:45  Marauder  
  139  10:46  Marauder  
  144  10:50  Marauder  
  144  10:51  Supply Depot x2, Medivac  
  148  11:00  Marine x5, Marauder  
  148  11:01  Marine  
  148  11:02  Marine  
  157  11:07  Marauder x2  
  157  11:09  Siege Tank  
  157  11:11  Marine, Medivac  
  167  11:19  Marine  
  167  11:20  Marauder  
  167  11:22  Marine x5, Marauder  
  167  11:23  Medivac  
  179  11:28  Marine x2  
  179  11:29  Marine  
  182  11:36  Marine  
Tags
 
Add a new tag
Caveats
  • Supply blocks, unpowered buildings, or Contaminate may cause inaccurate times.
  • Supply counts are checked every 10 seconds.